 Dungeon Crawl Stone Soup version 0.29.1-15-g9cfb28693d (webtiles) character file.

Game seed: 17036696117110006246

7 H0rd4k the Charlatan (level 2, 0/18 HPs)
             Began as an Octopode Artificer on Mar 2, 2023.
             Slain by a quokka (2 damage)
             ... on level 1 of the Dungeon.
             The game lasted 00:00:15 (244 turns).

H0rd4k the Charlatan (Octopode Artificer)            Turns: 244, Time: 00:00:16

Health: 0/18       AC:  1    Str: 11    XL:     2   Next: 0%
Magic:  3/3        EV: 13    Int: 13    God:
Gold:   15         SH:  0    Dex: 12    Spells: 2/2 levels left

rFire   . . .      SeeInvis .   (no weapon)
rCold   . . .      Faith    .   (no shield)
rNeg    . . .      Spirit   .   (helmet restricted)
rPois   .          Reflect  .   (no amulet)
rElec   .          Harm     .   (no ring)
rCorr   .          Rampage  .   (no ring)
Will    .....                   (no ring)
Stlth   +++.......              (no ring)
HPRegen 0.06/turn               (no ring)
MPRegen 0.08/turn               (no ring)
                                (no ring)
                                (no ring)

@: no status effects
A: almost no armour, amphibious, 8 rings, camouflage 1, gelatinous body 1,
(nimble swimmer 1), tentacles
a: no special abilities


You were on level 1 of the Dungeon.
You visited 1 branch of the dungeon, and saw 1 of its levels.

You collected 15 gold pieces.

Inventory:

Wands
 b - a wand of flame (15) (quivered)
 c - a wand of charming (15)
 d - a wand of iceblast (5)
Scrolls
 e - a scroll of magic mapping {unknown}
 g - a scroll of teleportation {unknown}
Potions
 a - a potion of mutation {unknown}
 f - a potion of curing {unknown}
 h - a potion of brilliance {unknown}


   Skills:
 * Level 1.4 Fighting
 - Level 2.3 Dodging
 - Level 1.3 Stealth
 + Level 0.1 Unarmed Combat
 * Level 0.8 Spellcasting
 - Level 3.2 Evocations


You had 2 spell levels left.
You didn't know any spells.
Your spell library was empty.

Dungeon Overview and Level Annotations

Branches:
Dungeon (1/15)

Altars:


Innate Abilities, Weirdness & Mutations

You cannot wear most types of armour.
You are amphibious.
You can wear up to eight rings at the same time.
Your skin changes colour to match your surroundings (Stealth+).
Your rubbery body absorbs attacks. (AC +1, EV +1)
((You are camouflaged when in or above water. (Stealth+)))
You have tentacles for arms and can constrict up to eight enemies at once.


Message History

No target in view!
g - a scroll labelled ATASKO YDENWOOCHA No target in view!
A bat comes into view.
A bat is nearby!
A bat is nearby!
Found a stone staircase leading down.
A bat is nearby!
A bat is nearby!
A bat is nearby!
The helpless bat fails to defend itself.
You tentacle-slap the bat. Your grab misses the bat. You squeeze the bat.
You kill the bat!
You have reached level 2!
No target in view!
h - a pink potion No target in view!
No target in view!
There is a stone staircase leading down here.
A kobold comes into view. It is wielding a +0 dagger.
An endoplasm comes into view.
There are monsters nearby!
A quokka comes into view.
There are monsters nearby!
A quokka comes into view.
Found an emerald potion and a thick sapphire amulet.
The kobold shouts!
The endoplasm quivers.
There are monsters nearby!
The quokka bites you.
The quokka bites you but does no damage.
The endoplasm hits you. The endoplasm attacks as you move away!
The endoplasm hits you. The quokka attacks as you move away!
The quokka bites you. The quokka attacks as you move away!
The quokka bites you.
* * * LOW HITPOINT WARNING * * *
You tentacle-slap the quokka. Your grab misses the quokka.
The quokka is moderately wounded.
The quokka bites you.
You die...

.....# .... ..## .###
.......#### #..........
... ."......# ...
#.#...r.# # #.#
.......#.# #.#
###........# #+####
#.###@rK.....# ##..†.#
##.....##.....#
#..##.###.......#......#
##............####!.....#
##....#......###
###.##..#
........####.### .# ..
####.#.## #...# .# .
####...# ###.# . ....>.##
##.#### #


You could see 2 quokkas and a kobold.

Vanquished Creatures
  An endoplasm (D:1)
  A giant cockroach (D:1)
  A goblin (D:1)
  A kobold (D:1)
  2 bats (D:1)
6 creatures vanquished.

Notes
Turn   | Place    | Note
-------+----------+-------------------------------------------
     0 | D:1      | H0rd4k the Octopode Artificer began the quest for the Orb.
     0 | D:1      | Reached XP level 1. HP: 13/13 MP: 1/1
   201 | D:1      | Reached XP level 2. HP: 18/18 MP: 3/3
   244 | D:1      | Slain by a quokka

Illustrated notes

Levels and vault maps discovered:
D:1:      tarquinn_simple_flora_water_c, layout_rooms,
          chequers_serial_rivers_room_a, minmay_misc_feat_x, minmay_tetromino_t4

Action                   || total
-------------------------++-------
Melee: Unarmed           ||    15
       Constrict         ||     6
       Tentacles         ||     4
 Stab: Sleeping          ||     2
Armor: Skin              ||     3
Dodge: Dodged            ||    10
